 Dungeon Crawl Stone Soup version 0.32-a0-12-g7fc57aa741 (webtiles) character file.

Game seed: 16532051820516421414

3710936 Implojin the Philosopher (level 27, 153/153 HPs)
             Began as an Octopode Gladiator on Jan 13, 2024.
             Was the Champion of Hepliaklqana.
             Escaped with the Orb
             ... and 5 runes
             ... and 2 gems (both intact) on Jan 14, 2024!
             The game lasted 03:14:23 (59497 turns).

Implojin the Philosopher (Octopode Gladiator)      Turns: 59497, Time: 03:14:24

Health: 153/153    AC:  1    Str: 17    XL:     27
Magic:  27/29      EV: 59    Int: 24    God:    Hepliaklqana [******]
Gold:   1375       SH: 41    Dex: 48    Spells: 26/26 levels left

rFire   + + .        p - +9 quick blade (venom)
rCold   + . .        f - +10 tower shield of Ignorance {rN+ Int-4}
rNeg    + . .        U - +0 hat of Servitude {rElec rPois Regen+ Str+4}
rPois   +            P - amulet of Freedom {Spirit Rampage rC+ Will+ Slay+5}
rElec   +            h - ring of the Enemy {rF+ Int+6 Slay+2}
rCorr   .            u - +6 ring of dexterity
SInv    .            Q - ring of protection from cold
Will    +++++        d - +4 ring of slaying
Stlth   ++++         m - ring of Jiaxev {Will+ Dex+4}
HPRegen 1.25/turn    t - +6 ring of dexterity
MPRegen 0.21/turn    V - ring "Onisy" {Fire ^Drain rElec Int+4 Dex+4}
                     o - +6 ring of dexterity

%: guardian spirit, rampage
@: studying 2 skills
A: reduced essence, almost no armour, amphibious, 8 rings, camouflage 1,
gelatinous body 1, (nimble swimmer 1), tentacles, clever 1, frail 1,
strong-willed 1
0: Orb of Zot
}: 5/15 runes: serpentine, barnacled, slimy, silver, abyssal
a: Renounce Religion, Recall Ancestor, Ancestor Identity, Transference, Idealise


You escaped.
You worshipped Hepliaklqana.
Hepliaklqana was exalted by your worship.
You visited 11 branches of the dungeon, and saw 53 of its levels.
You visited the Abyss 2 times.
You also visited: Bailey, Ice Cave and Wizlab.

You collected 7379 gold pieces.
You spent 6004 gold pieces at shops.

Inventory:

Hand Weapons
 a - a +3 antimagic rapier
 c - a +9 rapier of draining
 p - a +9 quick blade of venom (weapon)
 S - the +11 rapier of Equilibrium {flame, rElec rF+++ Dex-5 Stlth-}
   (You found it on level 2 of the Snake Pit)

   Dex-5:     It affects your dexterity (-5).
   rF+++:     It renders you almost immune to fire.
   rElec:     It insulates you from electricity.
   Stlth-:    It makes you less stealthy.
Missiles
 G - 6 throwing nets
 L - 21 curare-tipped darts
 N - 55 boomerangs (quivered)
Armour
 f - the +10 tower shield of Ignorance (worn) {rN+ Int-4}
   (You found it in a bailey)

   Int-4:     It affects your intelligence (-4).
   rN+:       It protects you from negative energy.
 U - the +0 hat of Servitude (worn) {rElec rPois Regen+ Str+4}
   (You found it on level 1 of the Vaults)

   Str+4:     It affects your strength (+4).
   rElec:     It insulates you from electricity.
   rPois:     It protects you from poison Regen+: It increases your rate of
   health regeneration.
Jewellery
 d - a +4 ring of slaying (on tentacle)
 h - the ring of the Enemy (left tentacle) {rF+ Int+6 Slay+2}
   (You bought it in a shop on level 1 of the Orcish Mines)

   [ring of intelligence]

   Int+6:     It affects your intelligence (+6).
   Slay+2:    It affects your accuracy & damage with ranged weapons and melee
   (+2).
   rF+:       It protects you from fire.
 m - the ring of Jiaxev (on tentacle) {Will+ Dex+4}
   (You acquired it on level 2 of the Lair of Beasts)

   [ring of willpower]

   Dex+4:     It affects your dexterity (+4).
   Will+:     It increases your willpower.
 n - the amulet "Cafir" {RegenMP Rampage +Blink rCorr Int-2 Slay+6}
   (You found it on level 4 of the Realm of Zot)

   [amulet of magic regeneration]

   RegenMP:   It increases your rate of magic regeneration.
   Int-2:     It affects your intelligence (-2).
   Slay+6:    It affects your accuracy & damage with ranged weapons and melee
   (+6).
   +Blink:    It lets you blink.
   rCorr:     It protects you from acid and corrosion.
   Rampage:   It bestows one free step when moving towards enemies.
 o - a +6 ring of dexterity (on tentacle)
 t - a +6 ring of dexterity (on tentacle)
 u - a +6 ring of dexterity (right tentacle)
 w - a ring of flight
 C - a ring of resist corrosion
 P - the amulet of Freedom (around mantle) {Spirit Rampage rC+ Will+ Slay+5}
   (You found it on level 5 of the Pits of Slime)

   [amulet of guardian spirit]

   Spirit:    It causes incoming damage to be divided between your reserves of
   health and magic.
   Slay+5:    It affects your accuracy & damage with ranged weapons and melee
   (+5).
   rC+:       It protects you from cold.
   Will+:     It increases your willpower.
   Rampage:   It bestows one free step when moving towards enemies.
 Q - a ring of protection from cold (on tentacle)
 V - the ring "Onisy" (on tentacle) {Fire ^Drain rElec Int+4 Dex+4}
   (You took it off a deep elf demonologist on level 3 of the Depths)

   [ring of fire]

   Fire:      It enhances your fire magic.
   Int+4:     It affects your intelligence (+4).
   Dex+4:     It affects your dexterity (+4).
   rF+:       It protects you from fire.
   rC-:       It makes you vulnerable to cold.
   rElec:     It insulates you from electricity.
   ^Drain:    It drains your maximum health when unequipped.
 X - a +5 ring of evasion
Talismans
 M - a talisman of death
Wands
 k - a wand of roots (47)
 I - a wand of digging (16)
 K - a wand of paralysis (88)
Scrolls
 b - 6 scrolls of blinking
 g - 2 scrolls of silence
 r - 11 scrolls of teleportation
 z - 6 scrolls of immolation
 A - 9 scrolls of fear
 F - 3 scrolls of vulnerability
 O - 4 scrolls of butterflies
 R - 10 scrolls of fog
Potions
 e - 3 potions of invisibility
 i - 10 potions of enlightenment
 l - 5 potions of magic
 q - 2 potions of haste
 s - 2 potions of resistance
 x - 12 potions of heal wounds
 D - 5 potions of mutation
 E - 19 potions of curing
 J - 4 potions of berserk rage
 T - 5 potions of attraction
Miscellaneous
 Y - a phantom mirror
 Z - a phial of floods


   Skills:
 - Level 17.0 Fighting
 - Level 19.0 Short Blades
 - Level 10.0 Throwing
 - Level 25.0 Dodging
 - Level 19.0 Stealth
 * Level 21.3 Shields
 - Level 25.2 Alchemy
 - Level 8.0 Invocations
 - Level 6.0 Evocations


You had 26 spell levels left.
You didn't know any spells.
Your spell library contained the following spells:

 Spells                   Type           Power      Damage    Failure   Level
 Olgreb's Toxic Radiance  Alch           88%        N/A       0%          4
 Sting                    Conj/Alch      100%       1d9       1%          1
 Mercury Vapours          Alch/Air       100%       N/A       1%          2
 Fulminant Prism          Conj/Alch      28%        3d13      1%          4
 Leda's Liquefaction      Alch/Erth      28%        N/A       1%          4
 Petrify                  Alch/Erth      57%        N/A       1%          4
 Sticky Flame             Fire/Alch      74%        2d12      1%          4
 Alistair's Intoxication  Alch           58%        N/A       1%          5
 Eringya's Noxious Bog    Alch           44%        4d6       1%          6
 Mephitic Cloud           Conj/Alch/Air  40%        N/A       2%          3
 Irradiate                Conj/Alch      28%        3d21      4%          5
 Yara's Violent Unravell  Hex/Alch       28%        3d12      4%          5
 Sculpt Simulacrum        Ice/Alch       28%        N/A       22%         6
 Apportation              Tloc           0%         N/A       26%         1
 Foxfire                  Conj/Fire      0%         2x1d4     26%         1
 Kiss of Death            Conj/Necr      0%         2d5       26%         1
 Sandblast                Erth           0%         2d4       26%         1
 Blink                    Tloc           0%         N/A       36%         2
 Call Imp                 Summ           0%         N/A       36%         2
 Ensorcelled Hibernation  Hex/Ice        0%         N/A       36%         2
 Jinxbite                 Hex            0%         N/A       36%         2
 Lesser Beckoning         Tloc           0%         N/A       36%         2
 Momentum Strike          Conj/Tloc      0%         3d8       36%         2
 Scorch                   Fire           0%         2d5       36%         2
 Static Discharge         Conj/Air       0%         3-3/arc   36%         2
 Sublimation of Blood     Necr           0%         N/A       36%         2
 Call Canine Familiar     Summ           0%         N/A       58%         3
 Confusing Touch          Hex            0%         N/A       58%         3
 Dazzling Flash           Conj/Hex       0%         N/A       58%         3
 Frozen Ramparts          Ice            0%         1d1       58%         3
 Fugue of the Fallen      Necr           0%         N/A       58%         3
 Gell's Gravitas          Tloc           0%         N/A       58%         3
 Hailstorm                Conj/Ice       0%         3d5       58%         3
 Inner Flame              Hex/Fire       0%         N/A       58%         3
 Ozocubu's Armour         Ice            0%         N/A       58%         3
 Passwall                 Erth           0%         N/A       58%         3
 Sigil of Binding         Hex            0%         N/A       58%         3
 Stone Arrow              Conj/Erth      0%         3d7       58%         3
 Summon Ice Beast         Ice/Summ       0%         N/A       58%         3
 Swiftness                Air            0%         N/A       58%         3
 Teleport Other           Tloc           0%         N/A       58%         3
 Tukima's Dance           Hex            0%         N/A       58%         3
 Vampiric Draining        Necr           0%         2d6       58%         3
 Volatile Blastmotes      Fire/Tloc      0%         2d10      58%         3
 Airstrike                Air            0%         2d(0-16)  94%         4
 Anguish                  Hex/Necr       0%         N/A       94%         4
 Animate Dead             Necr           0%         N/A       94%         4
 Brom's Barrelling Bould  Conj/Erth      0%         2d3       94%         4
 Cause Fear               Hex            0%         N/A       94%         4
 Dispel Undead            Necr           0%         3d6       94%         4
 Flame Wave               Conj/Fire      0%         2d4       94%         4
 Manifold Assault         Tloc           0%         N/A       94%         4
 Passage of Golubria      Tloc           0%         N/A       94%         4
 Summon Blazeheart Golem  Fire/Summ      0%         N/A       94%         4
 Summon Lightning Spire   Summ/Air       0%         N/A       94%         4
 Borgnjor's Vile Clutch   Necr/Erth      0%         N/A       100%        5
 Curse of Agony           Necr           0%         N/A       100%        5
 Fireball                 Conj/Fire      0%         3d3       100%        5
 Freezing Cloud           Conj/Ice/Air   0%         6-21      100%        5
 Iskenderun's Battlesphe  Conj           0%         2d6       100%        5
 Metabolic Englaciation   Hex/Ice        0%         N/A       100%        5
 Silence                  Hex/Air        0%         N/A       100%        5
 Summon Forest            Summ/Tloc      0%         N/A       100%        5
 Summon Mana Viper        Hex/Summ       0%         N/A       100%        5
 Conjure Ball Lightning   Conj/Air       0%         3x3d6     100%        6
 Death Channel            Necr           0%         N/A       100%        6
 Plasma Beam              Fire/Air       0%         2x1d10    100%        6
 Starburst                Conj/Fire      0%         6d3       100%        6
 Summon Cactus Giant      Summ           0%         N/A       100%        6
 Enfeeble                 Hex            0%         N/A       100%        7
 Malign Gateway           Summ/Tloc      0%         N/A       100%        7
 Monstrous Menagerie      Summ           0%         N/A       100%        7
 Orb of Destruction       Conj           0%         9d5       100%        7
 Ozocubu's Refrigeration  Ice            0%         4d7       100%        7
 Summon Hydra             Summ           0%         N/A       100%        7
 Ignition                 Fire           0%         3d3       100%        8
 Infestation              Necr           0%         N/A       100%        8
 Lehudib's Crystal Spear  Conj/Erth      0%         10d2      100%        8
 Maxwell's Capacitive Co  Air            0%         ∞         100%        8
 Chain Lightning          Conj/Air       0%         N/A       100%        9
 Death's Door             Necr           0%         N/A       100%        9
 Dragon's Call            Summ           0%         N/A       100%        9
 Polar Vortex             Ice            0%         N/A       100%        9


Dungeon Overview and Level Annotations

Branches:
Dungeon (15/15)            Temple (1/1) D:7            Lair (5/5) D:9
 Shoals (4/4) Lair:3        Snake (4/4) Lair:3        Slime (5/5) Lair:4
    Orc (2/2) D:11            Elf (3/3) Orc:2        Vaults (5/5) D:14
  Crypt (0/3) Vaults:3     Depths (4/4) D:15            Zot (5/5) Depths:4
 Bailey (visited)           IceCv (visited)          WizLab (visited)

Altars:
Ashenzari
Cheibriados
Dithmenos
Elyvilon
Fedhas
Gozag
Hepliaklqana
Kikubaaqudgha
Makhleb
Nemelex Xobeh
Okawaru
Qazlal
Ru
Sif Muna
Trog
Uskayaw
Vehumet
Wu Jian
Xom
Yredelemnul
Zin
The Shining One
Jiyva
Lugonu

Shops:
D:6 =   D:13 **   D:14 ?   Orc:1 =   Orc:2 [!*!   Elf:2 ([*   Elf:3 ==:
Shoals:3 [   Snake:2 *   Vaults:3 [   Vaults:5 !=   Depths:3 **   Depths:4 [?

Portals:
Hell: Depths:1 Depths:2 Depths:3 Depths:4
Abyss: Depths:1 Depths:2 Depths:3
Pandemonium: Depths:2
Ziggurat: Depths:4


Innate Abilities, Weirdness & Mutations

Your life essence is reduced to manifest your ancestor. (-10% HP)
You cannot wear most types of armour.
You are amphibious.
You can wear up to eight rings at the same time.
Your skin changes colour to match your surroundings (Stealth+).
Your rubbery body absorbs attacks. (AC +1, EV +1)
((You are camouflaged when in or above water. (Stealth+)))
You have tentacles for arms and can constrict up to eight enemies at once.
Your mind is acute. (Int +4, Str/Dex -1)
You are frail. (-10% HP)
You are strong-willed. (Will+)


Message History

🦀🦀 hits the hellwing but does no damage. 🦀🦀 closely misses the hellwing. 🦀🦀 hits the hellwing with a +0 antimagic quick blade! x2
The hellwing dies! 🦀🦀 hits the hellwing with a +0 antimagic quick blade! 🦀🦀 hits the hellwing but does no damage.
The hellwing hits 🦀🦀!
The hellwing hits 🦀🦀 but does no damage.
You climb upwards.
There is a stone staircase leading down here.
Unknown command.
(D) Dungeon (T) Temple (L) Lair (A) Shoals (P) Snake Pit (M) Slime Pits (O) Orcish Mines (E) Elven Halls (V) Vaults (C) Crypt (U) Depths (H) Hell (Z) Zot
Where to? (Tab/Enter - D:1 @ (x,y), ? - help)
A smoke demon comes into view.
The smoke demon gestures at you. The ball of steam misses you.
There is an open door here.
You enter the deep water.
You block the smoke demon's attack. x3
You puncture the smoke demon! You squeeze the smoke demon.
You puncture the smoke demon! You squeeze the smoke demon!
The smoke demon is almost dead.
You impale the smoke demon!!
You kill the smoke demon!
(D) Dungeon (T) Temple (L) Lair (A) Shoals (P) Snake Pit (M) Slime Pits (O) Orcish Mines (E) Elven Halls (V) Vaults (C) Crypt (U) Depths (H) Hell (Z) Zot
Where to? (Tab/Enter - D:1 @ (x,y), ? - help)
You open the large door.
There is a large open door here.
There is a fountain of clear blue water here.
There is a large open door here.
There is a staircase leading out of the dungeon here.
Okay, then. 🦀🦀 is recalled.
Unknown command.
You have escaped!

.#...~≈≈~≈~~≈~~~~≈~~~~≈~~~~~....#
.#...~≈≈≈≈≈≈~~≈≈≈≈≈≈≈≈≈≈≈~≈~.....
.#...≈≈≈≈≈≈≈≈≈≈≈≈≈≈≈≈≈≈≈≈≈≈~....#
.#...≈≈≈#+#+#≈≈≈≈≈≈≈#'#+#≈≈≈....#
.....~≈≈'...##+###+##..>+≈≈≈.....
.#...≈≈≈'.[.#.......#...+≈≈~.....
.....~≈≈#+###.#####.#+#'#≈≈~....#
.#...~≈≈≈≈+...#...#...#≈≈~≈....##
.#...~≈≈≈≈#.###.@.'.⌠.'~≈~..⌠..##
..)..~~≈≈≈#.###..R'.⌠.'≈~~..⌠..##
##...~~≈≈≈+...#...#...#≈≈≈~....##
#...~≈≈#+###.#####.###'#≈≈~...##
#...~≈≈+...'.......+...+≈≈≈...##
##...≈≈≈+...##+###+##..(+≈≈~.....
.....≈≈≈#+#'#≈≈≈≈≈≈≈#+#+#≈~~...##
##...~~≈≈≈≈≈≈≈≈≈≈≈≈≈≈≈≈≈≈≈≈~...##
##...~≈≈≈≈≈≈≈≈≈≈≈≈≈≈≈≈≈≈≈≈≈≈.....


You could see the friendly 🦀🦀 the hexer.

Vanquished Creatures
  3 dread liches
  2 ancient liches
  An orb of fire (Zot:5)
  A juggernaut (Depths:4)
  Bai Suzhen (Shoals:3)
  2 Killer Klowns (Zot:5)
  The ghost of Joextigh the Crack Shot, a veteran KoHu of Okawaru (Vaults:1)
  2 curse toes (Zot:4)
  The ghost of Lucarghiu the Victor of a Thousand Battles, a veteran GnWn of Okawaru (Depths:1)
  Nikola (Snake:4)
  3 bone dragons
  The ghost of Vojop the Master Archer, a veteran DEHs of Fedhas (Depths:4)
  5 golden dragons
  An electric golem (Zot:5)
  13 tentacled monstrosities
  Rupert (D:12)
  17 Orb Guardians (Zot:5)
  A Hell Sentinel (Abyss:2)
  2 liches
  A walking divine tome (Depths:4)
  2 deep elf blademasters (Elf:3)
  2 quicksilver dragons (Zot:4)
  7 acid blobs
  A walking frostbound tome (WizLab)
  6 titans
  3 sphinxes
  3 Executioners
  A tentacled starspawn (Abyss:3)
  5 death cobs
  Gastronok (D:8)
  A kraken (Shoals:3)
  The ghost of Onluw the Peltast, an adept DsWn of Cheibriados (Shoals:2)
  Aizul (Snake:4)
  2 daevas (Abyss:3)
  5 storm dragons
  A strange machine (WizLab)
  Donald (Shoals:3)
  11 tengu reavers
  11 shadow dragons
  Kirke (Lair:5)
  A draconian knight (Zot:5)
  4 protean progenitors
  6 frost giants
  2 nagarajas
  6 deep elf sorcerers
  8 azure jellies
  8 rockslimes
  15 vault wardens
  2 draconian scorchers
  2 fire giants
  The ghost of Femoc the Destroyer, a journeyman DsGl of Okawaru (Shoals:2)
  The ghost of Femoc the Destroyer, a journeyman DsGl of Okawaru (Shoals:2)
  A deep elf elementalist (Elf:3)
  16 ironbound preservers
  3 iron dragons
  A draconian stormcaller (Zot:5)
  Louise (D:15)
  A draconian annihilator (Depths:4)
  An orc warlord (Orc:2)
  A reaper (D:4)
  4 ghost moths (Zot:4)
  2 spriggan defenders
  5 cacodemons
  2 formless jellyfish
  14 stone giants
  19 very ugly things
  4 quicksilver oozes
  5 ironbound thunderhulks
  3 green draconians (Zot:4)
  A vampire knight (Depths:3)
  A black draconian (Depths:4)
  2 eleionomae (Shoals:1)
  2 spark wasps (Depths:2)
  The ghost of Pedyestre the Fighter, a journeyman DsIE of Vehumet (Orc:1)
  8 deep elf death magi
  10 dire elephants
  3 red draconians
  3 purple draconians
  A white draconian (Zot:2)
  3 deep elf annihilators (Elf:3)
  9 deep elf demonologists
  3 war gargoyles
  2 green deaths
  A crystal guardian (Vaults:3)
  5 merfolk impalers
  5 fire dragons
  9 ettins
  3 jiangshi
  5 deep elf high priests
  2 entropy weavers
  Fannar (Lair:2)
  6 merfolk javelineers
  8 ice dragons
  4 great orbs of eyes
  10 yaktaur captains
  A peacekeeper (Vaults:3)
  33 vault guards
  An ogre mage (Vaults:5)
  6 salamander tyrants
  11 rakshasas
  A hell beast (Depths:3)
  A spriggan air mage (Depths:3)
  A death knight (D:15)
  5 hydras
  13 boulder beetles
  12 ironbound frosthearts
  7 anacondas
  A death yak (Lair:5)
  4 merfolk aquamancers
  3 merfolk avatars
  9 naga warriors
  32 dancing weapons
  3 satyrs
  4 two-headed ogres
  7 centaur warriors
  4 tengu warriors
  9 deep troll shamans
  8 shock serpents
  8 deep troll earth magi
  5 orc high priests (Orc:2)
  A hell hog (Depths:3)
  5 spriggan berserkers
  A vampire mage (Depths:2)
  A soul eater (Depths:2)
  A thrashing horror (Abyss:2)
  9 deep elf knights
  12 naga sharpshooters
  4 sun demons
  12 hell knights
  Sonja (Lair:5)
  2 occultists (Elf:1)
  2 skeletal warriors (D:13)
  4 wretched stars
  4 sixfirhies
  2 salamander mystics
  4 skysharks
  46 deep trolls
  8 large abominations
  A death drake (Abyss:4)
  2 iron trolls (Depths:1)
  6 naga ritualists
  6 glowing orange brains
  A sun moth (Shoals:3)
  A deep troll (shapeshifter) (Vaults:5)
  A sea snake (shapeshifter) (Elf:2)
  A death drake (shapeshifter) (Vaults:5)
  22 harpies
  15 ironbound convokers
  7 sea snakes
  8 arcanists
  A phantasmal warrior (D:15)
  An obsidian statue (Depths:2)
  4 deep elf archers
  A lindwurm (shapeshifter) (Elf:1)
  29 deep elf pyromancers
  10 mana vipers
  8 lindwurms
  8 orc knights
  A necromancer (Vaults:4)
  3 orc sorcerers (Orc:2)
  5 cyclopes
  26 deep elf zephyrmancers
  An oklob plant (Shoals:3)
  11 manticores
  31 ugly things
  15 salamanders
  Maurice (D:10)
  19 fauns
  A guardian serpent (shapeshifter) (Vaults:5)
  A moth of wrath (shapeshifter) (D:14)
  A worldbinder (Abyss:2)
  22 naga magi
  2 kobold blastminers (Orc:2)
  2 merfolk sirens
  11 vault sentinels
  3 shining eyes
  3 rust devils
  6 water nymphs
  3 guardian serpents
  48 black mambas
  An ice statue (IceCv)
  6 moths of wrath
  An eye of devastation (Slime:1)
  5 smoke demons
  6 orange demons
  12 cane toads
  A yaktaur zombie (Vaults:4)
  A freezing wraith (D:15)
  2 kobold demonologists (D:10)
  3 hellions
  2 unseen horrors
  3 tengu conjurers
  A tormentor (Depths:2)
  22 yaktaurs
  A red devil (D:13)
  An anaconda simulacrum (IceCv)
  3 komodo dragons
  An ancient zyme (Abyss:4)
  A rime drake (Lair:5)
  22 merfolk
  6 wind drakes
  2 tyrant leeches (Lair:5)
  11 trolls
  4 glass eyes
  A wind drake (shapeshifter) (Vaults:4)
  A polar bear (Lair:1)
  8 hornets
  20 blink frogs
  12 snapping turtles
  2 dream sheep (Shoals:3)
  62 slime creatures
  A culicivora (Vaults:1)
  8 spriggans
  A shadow (Abyss:2)
  29 small abominations
  5 wyverns
  4 wraiths
  2 ynoxinuls
  An air elemental (Elf:3)
  15 water elementals
  11 yaks
  A dire elephant simulacrum (IceCv)
  20 humans
  4 basilisks
  A fire elemental (Elf:1)
  5 redbacks (Depths:2)
  3 golden eyes
  A fire bat (Depths:4)
  3 wargs
  2 steam dragons
  A neqoxec (Abyss:4)
  An elf skeleton (Vaults:4)
  9 vampire mosquitoes
  2 chaos spawn
  An acid dragon (shapeshifter) (Elf:2)
  A harpy simulacrum (IceCv)
  42 nagas
  An acid dragon (D:9)
  6 water moccasins
  51 orc warriors
  An ice beast (D:5)
  2 laughing skulls (Abyss:4)
  3 black bears
  6 boggarts
  12 ogres
  3 centaurs
  6 wolves (Lair:3)
  A phantom (D:5)
  6 weeping skulls (Abyss:4)
  3 kobold brigands
  2 brain worms
  6 scorpions
  17 bullfrogs
  3 earth elementals
  A gnoll sergeant (D:6)
  7 wights (D:6)
  2 cane toad simulacra
  4 hexers
  An elephant simulacrum (IceCv)
  4 howler monkeys
  6 electric eels
  A human simulacrum (Vaults:4)
  A quasit (Abyss:2)
  A bombardier beetle (D:7)
  15 orc priests
  5 hounds
  5 starcursed masses
  4 gnoll boudas
  A sleepcap (D:7)
  Jessica (D:2)
  Ijyb (D:3)
  6 iguanas
  4 hell rats (Lair:2)
  19 orc wizards
  2 polar bear simulacra
  28 gnolls
  3 adders
  An ufetubus (Abyss:2)
  A dart slug (D:1)
  2 ribbon worms
  94 orcs
  3 endoplasms
  2 giant cockroaches
  5 goblins
  7 hobgoblins
  21 kobolds
  5 quokkas
  2 ball pythons (D:1)
  3 bats
  4 frilled lizards
  2 rats (D:1)
  3 aspiring fleshes
1834 creatures vanquished.

Vanquished Creatures (collateral kills)
  the Royal Jelly (Slime:5)
  4 ancient liches
  An orb of fire (Zot:5)
  A Killer Klown (Zot:5)
  2 golden dragons
  A Brimstone Fiend (Depths:3)
  2 tentacled monstrosities (Vaults:5)
  2 liches
  A walking earthen tome (WizLab)
  4 Orb Guardians
  A quicksilver dragon (Vaults:5)
  5 acid blobs
  A titan (Vaults:5)
  2 sphinxes
  A tentacled starspawn (Abyss:4)
  3 storm dragons
  A tengu reaver (Vaults:5)
  2 shadow dragons
  Ilsuiw (Shoals:3)
  3 azure jellies (Slime:5)
  A nagaraja (Snake:4)
  A rockslime (Slime:1)
  A vault warden (Vaults:2)
  A balrug (Depths:3)
  A ghost moth (Zot:1)
  A frost giant (Depths:2)
  A protean progenitor (Zot:5)
  An iron dragon (Vaults:5)
  A fire giant (Vaults:5)
  2 deep elf sorcerers
  An ironbound preserver (Vaults:2)
  2 spriggan defenders
  A quicksilver ooze (Slime:5)
  The ghost of Pixtaico the Unseen, an adept FeNe of Elyvilon (Vaults:1)
  An ironbound thunderhulk (Vaults:3)
  A very ugly thing (Vaults:5)
  3 deep elf annihilators (Elf:3)
  2 deep elf death magi (Elf:3)
  2 deep elf demonologists
  2 red draconians (Depths:4)
  A spark wasp (Depths:2)
  A war gargoyle (Vaults:5)
  2 dire elephants
  2 ettins
  A fire dragon (D:14)
  A blizzard demon (Depths:2)
  A jiangshi (Depths:4)
  2 yaktaur captains (Vaults:5)
  2 ice dragons
  A vault guard (Vaults:5)
  A rakshasa (Depths:4)
  4 hydras
  3 great orbs of eyes
  An anaconda (Snake:2)
  A salamander tyrant (Snake:4)
  2 spriggan air magi
  3 merfolk aquamancers
  3 centaur warriors
  2 alligators (Zot:4)
  A merfolk avatar (Shoals:4)
  A boulder beetle (Zot:5)
  2 satyrs
  4 death yaks (Lair:5)
  2 deep troll earth magi
  2 vampire magi
  2 naga warriors
  11 dancing weapons
  A spriggan berserker (Depths:1)
  8 naga sharpshooters
  5 deep elf knights
  2 orc high priests
  2 hell knights (Depths:3)
  A spriggan (Depths:2)
  A sun demon (Shoals:3)
  A sixfirhy (Abyss:2)
  3 salamander mystics
  A skeletal warrior (D:13)
  2 sea snakes
  2 glowing orange brains
  7 deep trolls
  A sun moth (Shoals:4)
  An arcanist (Vaults:1)
  A mana viper (Snake:3)
  2 deep elf archers (Elf:1)
  6 deep elf zephyrmancers
  A lindwurm (Vaults:4)
  4 harpies
  2 ironbound convokers
  A phantasmal warrior (Vaults:5)
  2 deep elf pyromancers
  2 orc knights
  A shining eye (Abyss:4)
  An orc sorcerer (Orc:1)
  A moth of wrath (Zot:4)
  A cyclops (D:14)
  2 fauns (Shoals:1)
  6 ugly things
  3 manticores
  A salamander (Snake:3)
  4 merfolk sirens
  2 rust devils
  A vault sentinel (Vaults:1)
  12 black mambas
  A guardian serpent (Snake:4)
  A torpor snail (shapeshifter) (Abyss:2)
  9 cane toads
  An orange demon (D:13)
  4 water nymphs
  3 naga magi
  2 ice statues (IceCv)
  An efreet (Abyss:4)
  9 yaktaurs
  A kobold demonologist (D:10)
  3 komodo dragons
  A tengu conjurer (Depths:2)
  2 polar bears
  A freezing wraith (Vaults:5)
  A starcursed mass (Abyss:4)
  2 merfolk (Shoals:4)
  A troll (Orc:1)
  A hellwing (D:2)
  2 wind drakes
  2 hornets (Depths:2)
  2 tyrant leeches (Lair:5)
  3 snapping turtles
  8 blink frogs
  2 glass eyes (Slime:5)
  An air elemental (Elf:3)
  22 slime creatures
  A wyvern (D:10)
  A wraith (D:12)
  A hog (Lair:5)
  6 water elementals
  A fire bat (Depths:4)
  A basilisk (D:12)
  A warg (Orc:2)
  5 yaks (Lair:5)
  A fire elemental (Elf:3)
  A human (Lair:5)
  A chaos spawn (Abyss:2)
  A redback (Depths:2)
  2 neqoxecs
  10 vampire mosquitoes
  8 nagas
  9 orc warriors
  A laughing skull (Abyss:4)
  2 ogres (Orc:2)
  3 bullfrogs
  2 small abominations (Abyss:4)
  A cane toad simulacrum (IceCv)
  An elephant simulacrum (IceCv)
  2 howler monkeys
  10 orc priests
  A hell rat (Lair:2)
  2 orc wizards (Orc:2)
  A wolf simulacrum (IceCv)
  16 orcs
  An aspiring flesh (Zot:5)
398 creatures vanquished.

Vanquished Creatures (others)
  A ghost moth (Zot:4)
  2 deep elf knights (Elf:1)
  A skyshark (Lair:4)
  A black mamba (Snake:4)
  A naga mage (Snake:4)
  A wind drake (Shoals:4)
  A water elemental (Depths:1)
  3 ancestors
  25 hexers
  An orc wizard (D:7)
  2 orcs (D:7)
  4 starspawn tentacles
43 creatures vanquished.

Grand Total: 2275 creatures vanquished

Notes
Turn   | Place    | Note
-------+----------+-------------------------------------------
     0 | D:1      | Implojin the Octopode Gladiator began the quest for the
                  | Orb.
     0 | D:1      | Reached XP level 1. HP: 14/14 MP: 1/1
    50 | D:1      | Reached skill level 1 in Stealth
   106 | D:1      | Reached XP level 2. HP: 8/19 MP: 2/2
   785 | D:2      | Reached XP level 3. HP: 24/24 MP: 3/3
   916 | D:2      | Noticed Jessica
   927 | D:2      | Killed Jessica
  1318 | D:3      | Noticed Ijyb
  1551 | D:3      | Reached XP level 4. HP: 29/29 MP: 4/4
  1690 | D:3      | Noticed an ogre
  1700 | D:3      | Killed an ogre
  1701 | D:3      | Reached XP level 5. HP: 15/34 MP: 1/5
  1890 | D:3      | Found a faded altar of an unknown god.
  2155 | D:3      | Got Sif Muna's Directory of the Nimbus and Resurrection
  2395 | D:4      | You fall into a shaft and drop 1 floor!
  2395 | D:5      | Entered Level 5 of the Dungeon
  2548 | D:4      | Reached XP level 6. HP: 39/39 MP: 6/6
  2548 | D:4      | Found a shimmering altar of Xom.
  2593 | D:4      | Reached skill level 5 in Short Blades
  2627 | D:4      | Identified the +1 robe "Vischep" {rC+ Int+2 Dex+2}
  3094 | D:4      | Reached XP level 7. HP: 30/45 MP: 3/7
  3366 | D:5      | Found a glowing golden altar of the Shining One.
  3396 | D:5      | Found a snail-covered altar of Cheibriados.
  3398 | D:5      | Found a blossoming altar of Fedhas.
  3526 | D:5      | Reached skill level 5 in Dodging
  4134 | D:5      | Found an ancient bone altar of Kikubaaqudgha.
  4141 | D:5      | Reached XP level 8. HP: 48/51 MP: 8/8
  5400 | D:6      | Found Lellomiu's Jewellery Boutique.
  5486 | D:6      | Found a hide-covered altar of Uskayaw.
  5600 | D:6      | Reached XP level 9. HP: 10/58 MP: 1/9
  6374 | D:6      | Found a bloodstained altar of Trog.
  6706 | D:7      | Reached skill level 1 in Evocations
  7169 | D:7      | Reached skill level 5 in Evocations
  7431 | D:7      | Reached XP level 10. HP: 29/63 MP: 5/10
  7633 | D:7      | Found a staircase to the Ecumenical Temple.
  7658 | Temple   | Entered the Ecumenical Temple
  7736 | D:8      | Found a radiant altar of Vehumet.
  7762 | D:8      | Found a sparkling altar of Nemelex Xobeh.
  7844 | D:8      | Found a flagged portal.
  7854 | Bailey   | Entered a bailey
  8099 | Bailey   | Found the +10 tower shield of Ignorance {rN+ Int-4}
  8099 | Bailey   | Noticed an orc knight
  8107 | Bailey   | Killed an orc knight
  8108 | Bailey   | Reached skill level 10 in Short Blades
  8264 | D:8      | Noticed Gastronok
  8272 | D:8      | Killed Gastronok
  8410 | D:8      | Found an iron altar of Okawaru.
  8842 | D:9      | Found a staircase to the Lair.
  8863 | D:9      | Reached skill level 5 in Shields
  9094 | D:9      | Found a hazy altar of Hepliaklqana.
  9094 | D:9      | Found a glowing silver altar of Zin.
  9100 | D:9      | Became a worshipper of Hepliaklqana the Forgotten
  9254 | D:9      | Reached XP level 11. HP: 54/69 MP: 9/11
  9981 | D:10     | Entered Level 10 of the Dungeon
  9981 | D:10     | Noticed Maurice
 10006 | D:10     | Killed Maurice
 10098 | D:10     | Reached * piety under Hepliaklqana
 10132 | D:10     | Noticed a centaur warrior
 10146 | D:10     | Killed a centaur warrior
 10323 | D:10     | Found a corrupted altar of Lugonu.
 10581 | D:10     | Noticed a two-headed ogre
 10598 | D:10     | Killed a two-headed ogre
 10770 | D:10     | Reached skill level 10 in Shields
 10959 | D:11     | Noticed a green ugly thing
 10971 | D:11     | Killed a green ugly thing
 11252 | D:11     | Found a staircase to the Orcish Mines.
 11733 | D:11     | Reached ** piety under Hepliaklqana
 11734 | D:11     | Remembered your ancestor 🦀🦀 as a hexer
 11831 | D:11     | Noticed a boulder beetle
 11840 | D:11     | Killed a boulder beetle
 11841 | D:11     | Reached XP level 12. HP: 66/66 MP: 12/12
 12151 | D:11     | Noticed a boulder beetle
 12170 | D:11     | Killed a boulder beetle
 12307 | D:6      | Bought a ring of poison resistance for 240 gold pieces
 12364 | Lair:1   | Entered Level 1 of the Lair of Beasts
 12411 | Lair:1   | Noticed an eight-headed hydra
 12420 | Lair:1   | Killed an eight-headed hydra
 12495 | Lair:1   | Found a frozen archway.
 12526 | IceCv    | Entered an ice cave
 13543 | IceCv    | Identified the amulet of the Mordant God {Harm ^Drain rElec
                  | Regen+ Int+3}
 14281 | Lair:2   | Identified a scroll of acquirement
 14282 | Lair:2   | Acquired the ring of Jiaxev {Will+ Dex+4}
 14553 | Lair:2   | Reached *** piety under Hepliaklqana
 14675 | Lair:2   | Noticed Fannar
 14691 | Lair:2   | Killed Fannar
 14692 | Lair:2   | Reached skill level 15 in Shields
 14788 | Lair:2   | Reached XP level 13. HP: 71/71 MP: 13/13
 15058 | Lair:3   | Reached skill level 10 in Dodging
 15105 | Lair:3   | You fall into a shaft and drop 2 floors!
 15105 | Lair:5   | Entered Level 5 of the Lair of Beasts
 15795 | Lair:3   | Reached **** piety under Hepliaklqana
 15927 | Lair:3   | Found a staircase to the Snake Pit.
 16695 | Lair:4   | Found a viscous altar of Jiyva.
 16698 | Lair:4   | Found a staircase to the Slime Pits.
 16967 | Lair:4   | Identified the +1 leather armour of the Komodo Dragon {rF+}
 17067 | Lair:5   | Reached skill level 5 in Fighting
 17287 | Lair:5   | Reached skill level 1 in Invocations
 17296 | Lair:5   | Reached XP level 14. HP: 84/84 MP: 13/15
 17415 | Lair:5   | Noticed Sonja
 17423 | Lair:5   | Killed Sonja
 17506 | Lair:5   | Reached skill level 5 in Invocations
 17670 | Lair:5   | Noticed Kirke
 17691 | Lair:5   | Killed Kirke
 18500 | D:3      | Killed Ijyb
 19079 | D:12     | Reached ***** piety under Hepliaklqana
 19122 | D:12     | Noticed Rupert
 19137 | D:12     | Killed Rupert
 19144 | D:12     | Reached skill level 10 in Fighting
 19579 | D:12     | Upgraded the game from 0.32-a0-7-ge934b4519a to
                  | 0.32-a0-12-g7fc57aa741
 20162 | D:13     | Found Zitz's Demolitions Depot.
 20577 | D:13     | Reached XP level 15. HP: 66/92 MP: 15/21
 20721 | D:13     | Found Quobom's General Store.
 20756 | D:13     | Bought a scroll of identify for 26 gold pieces
 20756 | D:13     | Bought a scroll of identify for 26 gold pieces
 20827 | D:13     | Found an ornate altar of the Wu Jian Council.
 20950 | D:13     | Acquired a manual of Fighting
 21140 | D:14     | Found a gate to the Vaults.
 21273 | D:14     | Found Ceked's Magic Scroll Shop.
 21279 | D:14     | Bought a scroll of acquirement for 624 gold pieces
 21279 | D:14     | Bought a scroll of teleportation for 36 gold pieces
 21279 | D:14     | Bought a scroll of blinking for 90 gold pieces
 21279 | D:14     | Bought a scroll of identify for 24 gold pieces
 21281 | D:14     | Acquired the ring "Jetwur" {*Slow rElec EV+5 Str+6 Int-3}
 21465 | D:14     | Identified the ring of the Good {MP+9 Str-5 Int+4 Dex+2}
 22153 | D:15     | Entered Level 15 of the Dungeon
 22300 | D:15     | Identified the +2 robe of Panentheism {rC+}
 22362 | D:15     | Found a burning altar of Makhleb.
 22387 | D:15     | Got the Information on the Cold Faeries
 22389 | D:15     | Noticed Louise
 22405 | D:15     | Killed Louise
 22656 | D:15     | Found a staircase to the Depths.
 22698 | D:15     | Reached skill level 10 in Stealth
 22955 | Orc:1    | Entered Level 1 of the Orcish Mines
 23181 | Orc:1    | Found Qiureuf's Jewellery Emporium.
 23314 | Orc:1    | Found a runed translucent door.
 23315 | Orc:1    | Noticed Pedyestre's ghost (journeyman DsIE)
 23328 | Orc:1    | Killed Pedyestre's ghost
 23486 | Orc:2    | Entered Level 2 of the Orcish Mines
 24264 | Orc:2    | Found a staircase to the Elven Halls.
 24738 | Orc:2    | Found Dejy's General Store.
 24829 | Orc:2    | Found Korghack's Distillery.
 24849 | Orc:2    | Noticed an orc warlord
 24864 | Orc:2    | Killed an orc warlord
 24869 | Orc:2    | Reached XP level 16. HP: 67/98 MP: 19/22
 25159 | Orc:2    | Found Fiefam's Armour Boutique.
 25324 | Orc:2    | Found Xiuq Ebuddor's Distillery.
 25435 | Orc:1    | Bought a +5 ring of evasion for 612 gold pieces
 25435 | Orc:1    | Bought a +5 ring of evasion for 612 gold pieces
 25552 | Elf:1    | Entered Level 1 of the Elven Halls
 25714 | Elf:1    | You fall into a shaft and drop 1 floor!
 25798 | Elf:2    | Found a runed translucent gate.
 25798 | Elf:2    | Found a runed translucent gate.
 25802 | Elf:2    | Found a runed translucent gate.
 25997 | Elf:2    | Reached skill level 15 in Dodging
 26042 | Elf:2    | Found Mur Atob's General Store.
 26832 | Elf:1    | Reached XP level 17. HP: 110/110 MP: 23/23
 27143 | Elf:1    | Reached skill level 15 in Fighting
 27603 | Elf:2    | Found Odoapp's Armour Emporium.
 27603 | Elf:2    | Found Cuat's Weapon Shoppe.
 28253 | Elf:3    | Entered Level 3 of the Elven Halls
 28285 | Elf:3    | Paralysed by an air elemental for 1 turns
 29092 | Elf:3    | Found Ozytohil's Jewellery Boutique.
 29093 | Elf:3    | Found Geluf's Book Shoppe.
 29094 | Elf:3    | Found Hytruy's Jewellery Boutique.
 29260 | Elf:3    | Noticed an Executioner
 29658 | Elf:3    | Noticed an Ice Fiend
 29674 | Elf:3    | Reached XP level 18. HP: 124/124 MP: 24/24
 29674 | Elf:3    | Identified the +6 long sword of Cecocus {pain, rF++ Str+2}
 29687 | Elf:3    | Noticed a deep elf blademaster
 29703 | Elf:3    | Killed a deep elf blademaster
 29721 | Elf:3    | Identified the +0 robe of Birdsong {Rampage rF- rC++
                  | Regen+}
 29829 | Elf:3    | Identified the +11 sling "Secoat" {drain, Str+2}
 29830 | Elf:3    | Identified the +4 orcbow of the Scavenger {drain, *Corrode
                  | rC+ Will+}
 29833 | Elf:3    | Got the Vellum of Superposition
 29849 | Elf:3    | Identified the +5 chain mail "Gofo" {rElec rF+}
 29849 | Elf:3    | Noticed a deep elf blademaster
 29852 | Elf:3    | Identified the serpent talisman of Vimewib {rC++}
 29863 | Elf:3    | Killed a deep elf blademaster
 29880 | Elf:3    | Got the Catalogue of the Postmortem Zephyr
 29882 | Elf:3    | Identified the +0 pair of gloves of Gluttony {rCorr}
 29888 | Elf:3    | Got Cacroz's Guidebook on Coarse Position
 30371 | Shoals:1 | Entered Level 1 of the Shoals
 31682 | Shoals:2 | Reached ****** piety under Hepliaklqana
 32042 | Shoals:2 | Identified the +5 quarterstaff of Conformity {speed, rElec}
 32063 | Shoals:2 | Found a runed translucent gate.
 32063 | Shoals:2 | Found a runed translucent gate.
 32063 | Shoals:2 | Found a runed translucent gate.
 32064 | Shoals:2 | Noticed Onluw's ghost (adept DsWn)
 32065 | Shoals:2 | Noticed Femoc's ghost (journeyman DsGl)
 32065 | Shoals:2 | Noticed Femoc's ghost (journeyman DsGl)
 32090 | Shoals:2 | Killed Femoc's ghost
 32093 | Shoals:2 | Killed Femoc's ghost
 32103 | Shoals:2 | Killed Onluw's ghost
 32112 | Shoals:2 | Identified the +1 hat of Homoiplirr {-Tele rF++}
 32610 | Shoals:3 | Found a white marble altar of Elyvilon.
 32616 | Shoals:3 | Identified the dragon-blood talisman of Idealism {MP+9
                  | Int+4}
 32616 | Shoals:3 | Noticed Bai Suzhen
 32624 | Shoals:3 | Killed Bai Suzhen
 32763 | Shoals:3 | Found Gucsoal's Armour Shop.
 32798 | Shoals:3 | Noticed Donald
 32808 | Shoals:3 | Killed Donald
 32890 | Shoals:3 | Noticed Ilsuiw
 32929 | Shoals:3 | Killed Ilsuiw
 33491 | Shoals:4 | Entered Level 4 of the Shoals
 33501 | Shoals:3 | Reached XP level 19. HP: 125/129 MP: 23/25
 33820 | Shoals:4 | Reached skill level 15 in Short Blades
 33888 | Shoals:4 | Found the +8 storm bow {elec, penet}
 34058 | Shoals:4 | Identified the +5 sling "Geateac" {flame, rN++ Will- rCorr
                  | Int+2}
 34124 | Shoals:4 | Identified the +4 broad axe of Zeaseot {flame, *Corrode
                  | rPois Str+3}
 34220 | Shoals:4 | Got a barnacled rune of Zot
 34418 | Shoals:4 | Identified the +2 pair of boots "Fotud" {Will+}
 35387 | Snake:1  | Entered Level 1 of the Snake Pit
 36215 | Snake:2  | Identified the +11 rapier of Equilibrium {flame, rElec
                  | rF+++ Dex-5 Stlth-}
 36494 | Snake:2  | Reached XP level 20. HP: 128/135 MP: 26/26
 36562 | Snake:2  | Found a snail-covered altar of Cheibriados.
 36928 | Snake:2  | Got the Compendium of Production and Ozone
 37142 | Snake:2  | Found Ilixosh's Gadget Gallery.
 38673 | Snake:4  | Entered Level 4 of the Snake Pit
 38691 | Snake:4  | Identified the serpent talisman of Edoyb {Will++ Str-2}
 38741 | Snake:4  | Identified the serpent talisman "Ucewkuy" {Int+3}
 38741 | Snake:4  | Noticed Aizul
 38754 | Snake:4  | Killed Aizul
 38996 | Snake:4  | Noticed Nikola
 39005 | Snake:4  | Killed Nikola
 39774 | Snake:4  | Got a serpentine rune of Zot
 40132 | Vaults:1 | Entered Level 1 of the Vaults
 40209 | Orc:1    | Bought the ring of the Enemy {rF+ Int+6 Slay+2} for 992
                  | gold pieces
 40432 | Vaults:1 | Found a runed translucent door.
 40537 | Vaults:1 | Reached XP level 21. HP: 140/140 MP: 27/27
 40676 | Vaults:1 | Found a runed translucent gate.
 40676 | Vaults:1 | Found a runed translucent gate.
 40677 | Vaults:1 | Found a runed translucent gate.
 40678 | Vaults:1 | Found an ancient bone altar of Kikubaaqudgha.
 40679 | Vaults:1 | Noticed an ancient lich
 40679 | Vaults:1 | Noticed Pixtaico's ghost (adept FeNe)
 40679 | Vaults:1 | Noticed a dread lich
 40680 | Vaults:1 | Noticed Joextigh's ghost (veteran KoHu)
 40938 | Vaults:1 | Killed an ancient lich
 40944 | Vaults:1 | Killed Pixtaico's ghost
 40945 | Vaults:1 | Killed a dread lich
 40984 | Vaults:1 | Killed Joextigh's ghost
 40995 | Vaults:1 | Identified the +0 hat of Servitude {rElec rPois Regen+
                  | Str+4}
 40999 | Vaults:1 | Identified the amulet "Adaoc" {Acrobat Rampage +Inv rF+
                  | Stlth+}
 41116 | Vaults:1 | Identified the +8 great sword "Qoczyhen" {heavy, Str+3
                  | Int+2 Stlth-}
 41772 | Vaults:2 | Found a magical portal.
 41801 | WizLab   | Entered Tukima's Studio
 41905 | WizLab   | Got the Guidebook on Maleficia
 41956 | WizLab   | Identified the +5 hand cannon of Neepekhlo {penet, rF+}
 41980 | WizLab   | Identified the +0 plate armour of Hide-and-Seek {rF+ rC-
                  | Regen+ Str+7}
 41993 | WizLab   | Noticed Implojin's illusion
 42019 | WizLab   | Got the Book of Bewitchment
 42991 | Vaults:2 | Reached XP level 22. HP: 145/145 MP: 28/28
 44091 | Vaults:3 | Found Beogrypau's Antique Armour Emporium.
 44441 | Vaults:3 | Reached skill level 15 in Stealth
 44877 | Vaults:3 | Found a staircase to the Crypt.
 44877 | Vaults:3 | Found a basalt altar of Yredelemnul.
 44877 | Vaults:3 | Found an ancient bone altar of Kikubaaqudgha.
 46034 | Vaults:4 | Reached skill level 1 in Alchemy
 46614 | Vaults:5 | Entered Level 5 of the Vaults
 46624 | Vaults:5 | Reached skill level 5 in Alchemy
 46624 | Vaults:5 | Reached XP level 23. HP: 21/151 MP: 4/29
 46625 | Vaults:5 | HP: 4/151 [spore (8)]
 47110 | Depths:1 | Entered Level 1 of the Depths
 47146 | Depths:1 | Found a runed translucent door.
 47146 | Depths:1 | Noticed Lucarghiu's ghost (veteran GnWn)
 47399 | Depths:1 | Killed Lucarghiu's ghost
 47684 | Depths:1 | Found a one-way gate to the infinite horrors of the Abyss.
 47809 | Depths:1 | Found a gateway to Hell.
 48001 | Depths:2 | Reached skill level 10 in Alchemy
 48312 | Depths:2 | Found a transporter.
 48325 | Depths:2 | Found a transporter.
 48690 | Depths:2 | Found a one-way gate leading to the halls of Pandemonium.
 49428 | Depths:3 | Found Dawiof's Assorted Antiques.
 49705 | Depths:3 | Reached XP level 24. HP: 150/157 MP: 28/29
 49717 | Depths:3 | Reached skill level 15 in Alchemy
 50194 | Depths:3 | Found Nyrotub's Changing Room.
 50497 | Depths:3 | Identified the ring "Onisy" {Fire ^Drain rElec Int+4 Dex+4}
 50796 | Depths:3 | Found a burning altar of Makhleb.
 50979 | Depths:3 | Identified the +5 demon trident "Concordance" {vamp, rCorr
                  | Str+3 Dex+3 Stlth+}
 51029 | Depths:4 | Entered Level 4 of the Depths
 51029 | Depths:4 | Noticed a juggernaut
 51029 | Depths:4 | Found a one-way gateway to a ziggurat.
 51040 | Depths:4 | Found a runed translucent gate.
 51046 | Depths:4 | Found a runed translucent gate.
 51047 | Depths:4 | Found a runed translucent gate.
 51047 | Depths:4 | Noticed Vojop's ghost (veteran DEHs)
 51066 | Depths:4 | Killed a juggernaut
 51184 | Depths:4 | Found Lekhlary's Armour Shop.
 51189 | Depths:4 | Found Huaffam's Magic Scroll Shop.
 51605 | Depths:4 | Found a gate to the Realm of Zot.
 51710 | Depths:4 | Gained mutation: Your magical capacity is low. (-10% MP)
                  | [mutagenic glow]
 51749 | Depths:4 | Killed Vojop's ghost
 51767 | Depths:4 | Gained mutation: You have hidden genetic potential.
                  | [mutagenic glow]
 52039 | Depths:4 | Identified the +1 pair of gloves "Keur" {Str+5}
 52091 | Depths:4 | Found a gate to the Realm of Zot.
 52151 | Depths:4 | Found a one-way gateway to a ziggurat.
 52258 | Depths:4 | Found Huaffam's Magic Scroll Shop.
 52278 | Depths:4 | Found Lekhlary's Armour Shop.
 52853 | Vaults:5 | Got a silver rune of Zot
 52905 | Vaults:5 | Identified the +2 dagger of the Kidney {pain, Str+3}
 53105 | Vaults:5 | Reached XP level 25. HP: 111/162 MP: 26/26
 53313 | Vaults:5 | Found Fierphaec's Jewellery Shoppe.
 53313 | Vaults:5 | Found Ehatytur's Distillery.
 53318 | Vaults:5 | Bought a potion of resistance for 160 gold pieces
 53419 | Vaults:5 | Noticed an ancient lich
 53437 | Vaults:5 | Killed an ancient lich
 53582 | Vaults:5 | Noticed an ancient lich
 53605 | Vaults:5 | Killed an ancient lich
 53729 | Vaults:5 | Got Fiusent's Teachings on Calorific Sciomancy
 54824 | Slime:1  | Entered Level 1 of the Pits of Slime
 54849 | Slime:1  | Gained mutation: Your mind is acute. (Int +4, Str/Dex -1)
                  | [hidden potential]
 54911 | Slime:5  | Entered Level 5 of the Pits of Slime
 54988 | Slime:5  | Found a viscous altar of Jiyva.
 54989 | Slime:5  | Noticed the Royal Jelly
 55025 | Slime:5  | Killed the Royal Jelly
 55170 | Slime:5  | Found the +0 pair of fencer's gloves {Riposte Dex+3}
 55179 | Slime:5  | Identified the +0 hat "Voqo" {-Tele Rampage rElec rPois}
 55189 | Slime:5  | Identified the +3 plate armour "Ecsin Canul" {rCorr}
 55215 | Slime:5  | Found the +8 mithril axe "Arga" {speed, Will+}
 55234 | Slime:5  | Got a slimy rune of Zot
 55235 | Slime:5  | Identified the amulet of Freedom {Spirit Rampage rC+ Will+
                  | Slay+5}
 55236 | Slime:5  | Got a starry gem with 234 turns to spare
 55247 | Slime:5  | Identified the +1 scale mail of Icvuxec {Fly rElec Str+3
                  | Stlth+}
 55294 | Slime:5  | Acquired a +3 quick blade of venom
 56074 | Elf:3    | Bought a +6 ring of dexterity for 504 gold pieces
 56254 | Orc:1    | Bought a +4 ring of slaying for 1326 gold pieces
 56337 | Orc:2    | Bought a scroll of enchant weapon for 105 gold pieces
 56337 | Orc:2    | Bought a scroll of teleportation for 42 gold pieces
 56337 | Orc:2    | Bought a scroll of blinking for 105 gold pieces
 56990 | Snake:2  | Bought a phantom mirror for 480 gold pieces
 57418 | Depths:1 | Voluntarily entered the Abyss.
 57475 | Abyss:2  | Found a corrupted altar of Lugonu.
 57478 | Abyss:2  | Found a corrupted altar of Lugonu.
 57716 | Abyss:2  | Paralysed by accursed screaming for 1 turns
 57797 | Abyss:3  | Reached XP level 26. HP: 82/168 MP: 9/26
 57800 | Abyss:3  | Noticed a dread lich
 57824 | Depths:1 | Escaped the Abyss
 57856 | Depths:1 | Voluntarily entered the Abyss.
 58096 | Abyss:4  | Found a corrupted altar of Lugonu.
 58201 | Abyss:4  | Got an abyssal rune of Zot
 58212 | Depths:1 | Escaped the Abyss
 58359 | Zot:1    | Entered Level 1 of the Realm of Zot
 58599 | Zot:4    | Got the Dissertation on Baneful Stolen Souls
 58602 | Zot:4    | Acquired a manual of Throwing
 58629 | Zot:4    | Gained mutation: You possess an exceptional clarity of
                  | mind. [hidden potential]
 58629 | Zot:4    | Lost mutation: You have hidden genetic potential. [hidden
                  | potential expressed]
 58702 | Zot:4    | Identified the amulet "Cafir" {RegenMP Rampage +Blink rCorr
                  | Int-2 Slay+6}
 58714 | Zot:5    | Entered Level 5 of the Realm of Zot
 58767 | Zot:5    | Reached skill level 5 in Throwing
 58774 | Zot:5    | Got a prismatic gem with 624 turns to spare
 58790 | Zot:5    | Noticed an ancient lich
 58801 | Zot:5    | Killed an ancient lich
 58806 | Zot:5    | Killed a dread lich
 58840 | Zot:5    | Noticed a Killer Klown
 58843 | Zot:5    | Noticed an ancient lich
 58843 | Zot:5    | Noticed an ancient lich
 58843 | Zot:5    | Noticed a Killer Klown
 58858 | Zot:5    | Killed an ancient lich
 58859 | Zot:5    | Reached skill level 10 in Throwing
 58861 | Zot:5    | Killed an ancient lich
 58861 | Zot:5    | Noticed an orb of fire
 58867 | Zot:5    | Killed a Killer Klown
 58879 | Zot:5    | Noticed a dread lich
 58884 | Zot:5    | Gained mutation: You are vulnerable to cold. (rC-) [an orb
                  | of fire]
 58891 | Zot:5    | Killed an orb of fire
 58893 | Zot:5    | Killed a dread lich
 58908 | Zot:5    | Killed a Killer Klown
 58927 | Zot:5    | Reached XP level 27. HP: 161/172 MP: 22/26
 58958 | Zot:5    | Noticed an orb of fire
 58963 | Zot:5    | Gained mutation: You are vulnerable to heat. (rF-) [an orb
                  | of fire]
 58969 | Zot:5    | Killed an orb of fire
 58976 | Zot:5    | Lost mutation: You are vulnerable to heat. (rF-) [potion of
                  | mutation]
 58976 | Zot:5    | Lost mutation: You are vulnerable to cold. (rC-) [potion of
                  | mutation]
 58976 | Zot:5    | Lost mutation: Your magical capacity is low. (-10% MP)
                  | [potion of mutation]
 58976 | Zot:5    | Gained mutation: You are frail. (-10% HP) [potion of
                  | mutation]
 58976 | Zot:5    | Gained mutation: You are strong-willed. (Will+) [potion of
                  | mutation]
 58995 | Zot:5    | Got the Orb of Zot
 59037 | Zot:5    | Lost mutation: You possess an exceptional clarity of mind.
                  | [a cacodemon]
 59365 | D:8      | Noticed Cekkai the pandemonium lord
 59497 | D:$      | Escaped with the Orb!

Illustrated notes

Levels and vault maps discovered:
D:1:      dpeg_arrival_castle, layout_loops_ring
D:2:      layout_rooms, serial_bayou_lake_a, uniq_jessica
D:3:      layout_basic, ebering_ecumenical_altar_mist, uniq_ijyb
D:4:      layout_loops_ring, mainiacjoe_overflow_catwalk, minmay_misc_feat_room,
          nrook_mini_backslash
D:5:      layout_loops_ring, nicolae_overflow_hidden_temple,
          kiku_gazebo_garden_becter, jmf_multi_god_temple
D:6:      layout_basic, eat_drink_and_be_merry_uskayaw, trog_butcher_becter,
          serial_shops, shop
D:7:      layout_rooms, temple_green, minivault_23
D:8:      layout_loops_ring, nicolae_vehumet_altar_sigil, old_standard_altar,
          kennysheep_mini_moat, enter_bailey_2, uniq_gastronok
D:9:      layout_gridville, mainiacjoe_overflow_large_starburst,
          david_lair_generic, hangedman_abyss_or_decor_stagger
D:10:     kennysheep_kobold_lugonu_temple, layout_loops_ring,
          hangedman_decor_opposing, uniq_maurice
D:11:     layout_basic, david_orc_2
D:12:     layout_long_grid, kennysheep_potato, uniq_rupert
D:13:     layout_roguey, serial_demonic, serial_demonic_g, serial_demonic_c,
          serial_demonic_b, serial_demonic_b, serial_shops, nicolae_shop_stone,
          nicolae_blasting_shop, nrook_uturn, pdpol_wu_jian_five_deadly_venoms
D:14:     layout_irregular_city, david_vaults_3, serial_glass, glass_columns_b,
          glass_columns_a, glass_columns_a, glass_columns_a, glass_columns_a,
          glass_columns_b, serial_shops, nicolae_shop_crystal
D:15:     grunt_enter_depths_hoard, layout_loops_cross, bloody_makhleb,
          uniq_louise
Temple:   hellmonk_temple_rainy
Lair:1:   layout_chaotic_city, portal_ice_cave_entry_ice_simulacra,
          serial_rivers, chequers_serial_rivers_micro_a,
          chequers_serial_rivers_marsh, chequers_serial_rivers_large_b,
          chequers_serial_rivers_room_a, chequers_serial_rivers_small_3,
          chequers_serial_rivers_micro_b, grunt_megastairs_1
Lair:2:   layout_chaotic_city, uniq_fannar
Lair:3:   layout_cave_pods, nicolae_shoals_entry_flooding,
          alex1729_snake_entry_snake, infiniplex_staircase_pool_2,
          grunt_megastairs_3
Lair:4:   layout_roguey, nicolae_slime_entry_field_trip, lemuel_fruit_fields
Lair:5:   minmay_lair_end_frog_pond, layout_cave_shapes, uniq_sonja, uniq_kirke
Shoals:1: layout_shoals, nicolae_shoals_enchanted_isle
Shoals:2: layout_shoals, gammafunk_ghost_cemetery
Shoals:3: layout_shoals, serial_shops, shop, nicolae_shoals_land_atoll,
          lemuel_oklob_altar, uniq_ilsuiw, uniq_donald, uniq_bai_suzhen
Shoals:4: shoals_end_hangedman, layout_shoals, nicolae_shoals_bring_sunscreen
Snake:1:  cheibrodos_snake_ritualist_ritual, layout_basic, guppyfry_snake_island
Snake:2:  kennysheep_snake, layout_cave_town, basic_altar, drop_trap,
          nicolae_shop_gadgets
Snake:3:  layout_onion_interference, nicolae_snake_springs
Snake:4:  johnstein_snake_rune_scales, layout_onion, grunt_ministairs_10,
          uniq_aizul, uniq_nikola
Slime:1:  cheibrodos_slime_lost_civilization_10, layout_caves, basic_altar
Slime:2:  layout_caves
Slime:3:  layout_caves, nicolae_slime_barrier
Slime:4:  layout_caves
Slime:5:  slime_pit_nicolae_trefoil
Orc:1:    layout_diamond_mine, ebering_ghost_inner_flame,
          minmay_shop_enchanted_jewellery
Orc:2:    pubby_orc_utopia
Elf:1:    minmay_elf_arrival_plus, layout_geoelf_grid, hangedman_elf_disciples,
          serial_library_hellmonk_open_cross, dreamdust_princess_corridor
Elf:2:    nicolae_elf_blades_crystal_corner, layout_loops_ring, serial_shops,
          shop, billiards_dpeg, minmay_shoptagon
Elf:3:    minmay_elf_hall_curves, layout_geoelf_castle,
          small_chamber_with_monster, nrook_loot_triangle, minivault_23,
          minmay_shop_grove
Vaults:1: gammafunk_ghost_crypt, v_misc_25, nicolae_vaults_double_plus_1,
          nicolae_vaults_border_crossing, nicolae_vaults_doubleplus_tesselated,
          v_misc_17, v_misc_1, nicolae_vaults_oozy_zoo,
          nicolae_vaults_hallways_thing, layout_vaults_maze_bifur
Vaults:2: mu_enter_wizlab_4, vaults_mumra_minichess_inversion, v_misc_2,
          vaults_room_large_hall, nicolae_vaults_closet_pinwheel_1,
          vaults_dpeg_encased_lava, vaults_room_grunt_arrival_checkpoint,
          nicolae_vaults_circle_grid_b, nicolae_vaults_corridor_and_loot_room,
          nicolae_vaults_diagonal_hallway_6, ontoclasm_vaults_spin,
          vaults_room_semicircle, nicolae_vaults_sesquioval_fish, v_misc_24,
          nicolae_vaults_trapezoid_3, ontoclasm_vaults_shuriken,
          nicolae_vaults_rhombus_5, layout_vaults_ring
Vaults:3: nicolae_vaults_apartment_1, ontoclasm_vaults_claustrophobia,
          grunt_vaults_swirl, nicolae_vaults_tangram_1, vaults_room_grid,
          nicolae_vaults_little_ls, v_misc_11, layout_vaults_chaotic_city,
          minmay_crypt_entry_necro_gods, serial_shops, shop
Vaults:4: v_rooms_1, ontoclasm_vaults_ring_small, nicolae_vaults_apartment_2,
          nicolae_vaults_layer_cake_slice, ontoclasm_vaults_tryst,
          v_alt_pattern_1, nicolae_vaults_frosty_reception, vaults_room_hallway,
          nicolae_vaults_trapezoid_1, vaults_dpeg_ring, vaults_room_pools,
          layout_vaults_omnigrid
Vaults:5
Depths:1: layout_cross, hellmonk_ghost_happy_afterlife, chequers_big_river,
          hell_entry, hangedman_abyss_entry_splay, lemuel_freeze_loot_1
Depths:2: gammafunk_sealed_arena, layout_gridville, hellmouth_1,
          rand_demon_pan_entry_7, minmay_misc_feat_nine_boxes, abyss_entry,
          kennysheep_flooded_box, drop_trap
Depths:3: evilmike_makhleb_hellhole, layout_basic, serial_shops,
          nicolae_shop_getting_attention, abyss_entry, grunt_mini_vestibule,
          serial_co_window_serial, co_window_corner_a, co_window_paths_b,
          co_window_of_opportunity_a, co_window_corner_a, co_window_cross_1,
          co_window_corner_a, co_window_paths_a, co_window_paths_a,
          co_window_paths_a, co_window_corner_b, co_window_paths_c,
          co_window_of_opportunity_b, co_window_unsneaky_path_c,
          glass_columns_c, glass_columns_a, glass_columns_a, glass_columns_a,
          nicolae_transmutations_shop, minmay_misc_feat_chi
Depths:4: evilmike_zot_entry_round, layout_cave_pools, enter_ziggurat_f,
          gammafunk_ghost_tricky_traps, hell_entry, minmay_shop_star,
          infiniplex_staircase_pool_lava
Zot:1:    layout_onion_interference, uniq_parghit
Zot:2:    layout_cathedral_of_symmetry, grunt_megastairs_2, uniq_tiamat
Zot:3:    layout_misc_corridors, regret_index_zotdec_fiery_em,
          hangedman_zot_decor_scrapings
Zot:4:    regret_index_all_hallows'_manor, layout_misc_corridors
Zot:5:    layout_gridlike

Skill      XL: |  1  2  3  4  5  6  7  8  9 10 11 12 13 14 15 16 17 18 19 20 21 22 23 24 25 26 27 |
---------------+----------------------------------------------------------------------------------+-----
Stealth        | 2 3 4 6 8 13 14 19 | 19.0
Short Blades   | 4 6 8 10 11 14 19 | 19.0
Dodging        | 6 7 8 12 15 17 18 21 24 25 | 25.0
Fighting       | 4 8 10 13 17 | 17.0
Evocations     | 6 |  6.0
Shields        | 6 11 15 17 18 20 21 | 21.3
Invocations    | 2 8 |  8.0
Alchemy        | 5 14 20 24 25 | 25.2
Throwing       | 10 | 10.0

Action                     |  1- 3 |  4- 6 |  7- 9 | 10-12 | 13-15 | 16-18 | 19-21 | 22-24 | 25-27 || total
---------------------------+-------+-------+-------+-------+-------+-------+-------+-------+-------++-------
  Melee: Rapier            |    51 |    62 |    97 |       |       |   277 |  1117 |  1085 |   506 ||  3195
         Constrict         |    13 |    14 |    57 |    75 |   168 |   196 |   155 |   119 |    57 ||   854
         Tentacles         |    10 |    15 |    70 |   212 |   344 |   400 |   370 |   389 |   452 ||  2262
         Punch             |     1 |     1 |     4 |    11 |    27 |    27 |    30 |    32 |    22 ||   155
         Short sword       |       |       |   142 |   680 |  1032 |   793 |       |       |       ||  2647
         Quick blade       |       |       |       |       |       |       |       |       |   499 ||   499
  Throw: Throwing net      |       |     3 |     3 |       |    11 |       |       |       |       ||    17
         Javelin           |       |    14 |    62 |     6 |       |       |       |       |       ||    82
         Dart              |       |       |    51 |     9 |     1 |       |       |       |       ||    61
         Boomerang         |       |       |       |    44 |     1 |    11 |     1 |     2 |     3 ||    62
 Invoke: Ancestor Life: He |       |       |       |     1 |       |       |       |       |       ||     1
         Ancestor Identity |       |       |       |     1 |       |       |       |       |       ||     1
         Recall Ancestor   |       |       |       |       |     7 |     4 |     5 |     5 |    10 ||    31
         Idealise          |       |       |       |       |     7 |     8 |     6 |     3 |    10 ||    34
Ability: Begin Untransform |       |       |       |       |       |       |       |       |     1 ||     1
  Evoke: Wand              |       |       |    12 |     7 |     6 |     6 |     1 |     2 |     5 ||    39
         Phial of floods   |       |       |       |       |     1 |       |     2 |       |       ||     3
         Tin of tremorston |       |       |       |       |     1 |       |       |       |       ||     1
    Use: Scroll            |     2 |     1 |     7 |    14 |     9 |    13 |     9 |    10 |    19 ||    84
         Potion            |       |       |     2 |     9 |     2 |     3 |     2 |     5 |    18 ||    41
   Stab: Sleeping          |     8 |     4 |     5 |    21 |    37 |    21 |    14 |    14 |    14 ||   138
         Invisible         |       |       |     5 |     3 |       |       |       |       |     7 ||    15
         Paralysed         |       |       |     4 |     9 |    34 |    38 |    71 |    64 |    28 ||   248
         Distracted        |       |       |       |     3 |    25 |    37 |    28 |    41 |    34 ||   168
         Confused          |       |       |       |     8 |    37 |    14 |   114 |   119 |    47 ||   339
         Held in net/web   |       |       |       |       |     7 |       |       |       |       ||     7
 Armour: Skin              |    16 |    20 |    83 |   151 |    85 |    95 |    76 |    80 |    60 ||   666
  Dodge: Dodged            |    19 |    35 |   138 |   128 |   163 |   284 |   331 |   316 |   291 ||  1705
  Block: Buckler           |       |       |    15 |    13 |       |       |       |       |       ||    28
         Tower shield      |       |       |       |   574 |   949 |   953 |  1309 |  1160 |   722 ||  5667
         Form:             |       |       |       |       |     1 |       |       |       |       ||     1
         Serpent           |       |       |       |       |     1 |       |       |       |       ||     1
         Death             |       |       |       |       |       |       |       |       |     1 ||     1

Table legend: (Time is in decaauts)
 A = Elapsed time spent in this place.
 B = Non-inter-level travel time spent in this place.
 C = Inter-level travel time spent in this place.
 D = Time resting spent in this place.
 E = Time spent auto-exploring this place.
 F = Levels seen in this place.
 G = Mean time per level.
                   A        B        C        D        E       F      G
               +--------+--------+--------+--------+--------+-----+--------+
         Total |  57583 |  51692 |   5891 |   3907 |  30782 |  61 |  944.0 |
       Dungeon |  17475 |  15364 |   2111 |   1109 |  10177 |  15 | 1165.0 |
        Temple |     27 |     27 |      0 |      0 |     12 |   1 |   27.0 |
          Lair |   5341 |   4584 |    757 |    300 |   2842 |   5 | 1068.2 |
        Shoals |   4821 |   4638 |    183 |    177 |   3247 |   4 | 1205.2 |
     Snake Pit |   4666 |   4341 |    325 |    187 |   2842 |   4 | 1166.5 |
    Slime Pits |    535 |    535 |      0 |      0 |      0 |   5 |  107.0 |
  Orcish Mines |   2871 |   2268 |    603 |      0 |   1538 |   2 | 1435.5 |
   Elven Halls |   4584 |   4186 |    398 |    369 |   2147 |   3 | 1528.0 |
        Vaults |   8678 |   7666 |   1012 |    551 |   4907 |   5 | 1735.6 |
        Depths |   5558 |   5061 |    497 |    595 |   2893 |   4 | 1389.5 |
           Zot |    681 |    681 |      0 |      0 |      0 |   5 |  136.2 |
         Abyss |    715 |    715 |      0 |      0 |     45 |   5 |  143.0 |
        Bailey |    371 |    371 |      0 |      0 |     86 |   1 |  371.0 |
      Ice Cave |   1030 |   1030 |      0 |    618 |      0 |   1 | 1030.0 |
        Wizlab |    225 |    225 |      0 |      0 |     46 |   1 |  225.0 |
               +--------+--------+--------+--------+--------+-----+--------+

Top non-repeatable levels by time:
Vaults:4: 2222 daAuts
   Orc:2: 2128 daAuts
   Elf:3: 1914 daAuts
     D:5: 1805 daAuts
Vaults:5: 1763 daAuts
Vaults:3: 1740 daAuts
 Snake:2: 1723 daAuts
Depths:3: 1708 daAuts
Vaults:2: 1615 daAuts
     D:6: 1581 daAuts
   Elf:1: 1569 daAuts
    D:11: 1541 daAuts
Depths:4: 1540 daAuts
Shoals:4: 1509 daAuts
    D:13: 1480 daAuts
